Map: King's Cove LE

Players

KingMike - Winner!

  • Race: Zerg Zerg
  • League: Diamond
  • Spawn Location: 11:00

newplayer

  • Race: Terran Terran
  • League: Platinum
  • Spawn Location: 5:00

VOD

Have the link to the VOD?

Description

Time

  • Played on: June 10, 2019, 1:11 a.m.
  • Length: 3:50
Show
View Real Time Build Order
Export as new Build Order

KingMike Zerg - Winner!

Build Orders: Hatch First 

Get SALT Encoding   

  12  0:02  Drone  
  13  0:08  Drone  
  14  0:18  Drone, Extractor  
  15  0:40  Hatchery  
  14  0:46  Overlord  
  14  0:52  Drone, Extractor  
  15  1:04  Drone x2  
  17  1:12  Drone  
  17  1:15  Extractor  
  17  1:23  Spawning Pool  
  17  1:24  Drone  
  17  1:33  Drone  
  18  1:41  Drone  
  19  1:51  Drone, Extractor  
  19  2:01  Drone  
  20  2:07  Drone  
  20  2:08  Drone  
  22  2:09  Queen  
  22  2:11  Queen  
  22  2:15  Drone  
  27  2:23  Zergling x2  
  27  2:25  Metabolic Boost  
  28  2:33  Overlord  
  28  2:41  Overlord  
  28  2:53  Zergling x4  
  28  2:54  Zergling x2  
  28  2:55  Zergling x2  
  32  3:00  Baneling Nest  
  32  3:03  Zergling x2  
  32  3:05  Zergling x2  
  33  3:15  Zergling x4  
  35  3:23  Zergling x2  
  36  3:32  Zergling x4  
Show
View Real Time Build Order
Export as new Build Order

newplayer Terran 

Build Orders: Reaper Expand 

Get SALT Encoding   

  12  0:01  SCV  
  13  0:18  SCV  
  13  0:19  Supply Depot  
  14  0:30  SCV  
  15  0:42  Barracks  
  15  0:46  SCV, Refinery  
  16  0:58  SCV  
  17  1:10  SCV  
  18  1:22  SCV  
  19  1:30  Reaper  
  20  1:35  Orbital Command  
  20  1:52  Command Center  
  20  2:06  Supply Depot  
  20  2:08  Barracks Reactor  
  20  2:25  Factory  
  20  2:28  SCV  
  21  2:40  SCV  
  22  2:52  SCV  
  22  2:53  Marine x2  
  25  3:04  Orbital Command  
  25  3:07  SCV  
  25  3:09  Supply Depot  
  26  3:16  Starport  
  26  3:18  Refinery  
  26  3:23  SCV  
  27  3:35  SCV  
  27  3:37  Barracks Tech Lab  
Tags
 
Add a new tag
Caveats
  • Supply blocks, unpowered buildings, or Contaminate may cause inaccurate times.
  • Supply counts are checked every 10 seconds.